 Dungeon Crawl Stone Soup version 0.23-a0-607-g760965b753 (webtiles) character file.

281 Adamkad1 the Shield-Bearer (level 6, -3/32 HPs)
             Began as a Vine Stalker Fighter on Dec 20, 2018.
             Slain by a mummy (10 damage)
             ... in an ossuary.
             The game lasted 00:07:01 (3083 turns).

Adamkad1 the Shield-Bearer (Vine Stalker Fighter)   Turns: 3083, Time: 00:07:01

Health: -3/32      AC:  6    Str: 18 (19) XL:     6   Next: 27%
Magic:  0/10       EV:  7    Int: 12 (13) God:
Gold:   115        SH:  9    Dex: 13      Spells: 9/9 levels left

rFire    . . .     SeeInvis .   a - +0 war axe
rCold    . . .     Gourm    .   c - +0 shield
rNeg     . . .     Faith    .   b - +0 scale mail
rPois    .         Spirit   +   (no helmet)
rElec    .         Reflect  .   (no cloak)
rCorr    .         Harm     .   (no gloves)
MR       .....                  (no boots)
Stlth    ..........             (no amulet)
HPRegen  0.50/turn              i - +3 ring of intelligence
MPRegen  0.12/turn              o - ring of flight

@: no status effects
A: fangs 2, regeneration 1, magic shield, antimagic bite, no potion heal 3, rot
immunity
a: Evoke Flight


You were in an ossuary.
You were hungry.

You visited 2 branches of the dungeon, and saw 5 of its levels.
You also visited: Ossuary.

You collected 115 gold pieces.

Inventory:

Hand Weapons
 a - a +0 war axe (weapon)
Armour
 b - a +0 scale mail (worn)
 c - a +0 shield (worn)
Jewellery
 i - a +3 ring of intelligence (left hand)
 m - an uncursed ring of protection from cold {unknown}
 o - a ring of flight (right hand)
Scrolls
 h - 5 scrolls of identify
 k - a scroll of teleportation
 n - a scroll of blinking
Potions
 d - 3 potions of might
 e - 2 potions of degeneration
 g - 2 potions of ambrosia
 j - a potion of curing
 l - a potion of mutation {unknown}
Comestibles
 f - 10 rations
 p - a chunk of flesh


   Skills:
 * Level 3.6 Fighting
 * Level 2.8 Axes
 * Level 3.3 Armour
 - Level 0.9 Dodging
 * Level 3.6 Shields
 * Level 2.2 Spellcasting


You had 9 spell levels left.
You didn't know any spells.
Your spell library contained the following spells:

 Spells                   Type           Power        Failure   Level  Hunger
 Animate Skeleton         Necr           N/A          98%         1    ##.....
 Beastly Appendage        Tmut           #.....       98%         1    ##.....
 Pain                     Necr           #...         98%         1    ##.....
 Sticks to Snakes         Tmut           #.......     99%         2    ###....
 Regeneration             Chrm/Necr      #.........   100%        3    ####...
 Spider Form              Tmut/Pois      #.........   100%        3    ####...
 Vampiric Draining        Necr           #.........   100%        3    ####...
 Animate Dead             Necr           N/A          100%        4    #####..
 Ice Form                 Ice/Tmut       #.......     100%        4    #####..
 Blade Hands              Tmut           #.........   100%        5    ######.


Dungeon Overview and Level Annotations

Branches:
Dungeon (4/15)             Temple (1/1) D:4

Altars:
Ashenzari
Cheibriados
Dithmenos
Elyvilon
Gozag
Hepliaklqana
Nemelex Xobeh
Okawaru
Qazlal
Sif Muna
Vehumet
Wu Jian
Zin
The Shining One


Innate Abilities, Weirdness & Mutations

You have extremely sharp teeth.
Your natural rate of healing is unusually fast.
When hurt, damage is shared between your health and your magic reserves.
Your bite disrupts and absorbs the magic of your enemies.
Potions cannot restore your health.
You are immune to rotting.


Message History

The mummy is severely damaged.
You hit the mummy.
Your shield and scale mail prevent you from hitting the big kobold zombie.
You closely miss the mummy. The mummy hits you but does no damage.
The mummy barely misses you.
You block the big kobold zombie's attack.
The mummy hits you!
* * * LOW HITPOINT WARNING * * *
You are too injured to fight recklessly!
You are too injured to fight recklessly!
Unknown command.
You are too injured to fight recklessly!
You hit the mummy.
The mummy is severely damaged.
Your shield prevents you from hitting the mummy.
You completely miss the big kobold zombie.
You hit the mummy but do no damage.
You block the big kobold zombie's attack.
The mummy closely misses you. The mummy hits you!
You die...

.. #### ... ...
##..## ....
...##....##....
...............
...............
.....M...M....#
#...MMM..#
#...@Z.#
##....## #....#
#....# #....#
#....# #....#
#....# #....#


You could see 5 mummies and a big kobold zombie.

Vanquished Creatures
  A bullfrog skeleton (D:4)
  2 orc wizards (D:3)
  An iguana (D:3)
  A mummy (Ossuary)
  3 gnolls
  4 adders
  A worm (D:2)
  3 dart slugs
  A leopard gecko (D:2)
  5 orcs (D:3)
  2 ball pythons
  4 giant cockroaches
  A gnoll zombie (Ossuary)
  8 hobgoblins
  15 jackals
  4 bats (D:3)
  4 frilled lizards
  7 goblins
  3 hobgoblin zombies (Ossuary)
  4 kobolds
  A kobold zombie (Ossuary)
  2 orc zombies (Ossuary)
  6 rats
83 creatures vanquished.

Notes
Turn   | Place    | Note
-------+----------+-------------------------------------------
     0 | D:1      | Adamkad1 the Vine Stalker Fighter began the quest for the
                  | Orb.
     0 | D:1      | Reached XP level 1. HP: 11/11 MP: 2/2
   145 | D:1      | Reached XP level 2. HP: 9/16 MP: 1/3
   862 | D:2      | Reached XP level 3. HP: 19/19 MP: 5/5
  1035 | D:2      | Reached skill level 1 in Spellcasting
  1513 | D:2      | Gained mutation: Your natural rate of healing is unusually
                  | fast. [Vine Stalker growth]
  1513 | D:2      | Reached XP level 4. HP: 7/24 MP: 1/6
  1842 | D:3      | Reached XP level 5. HP: 27/28 MP: 6/8
  2399 | D:3      | Found a hazy altar of Hepliaklqana.
  2897 | D:4      | Reached XP level 6. HP: 26/32 MP: 10/10
  2915 | D:4      | Found a shattered altar of Ashenzari.
  2953 | D:4      | Found a staircase to the Ecumenical Temple.
  2965 | Temple   | Entered the Ecumenical Temple
  3054 | D:4      | Found a sand-covered staircase.
  3058 | Ossuary  | Entered an ossuary
  3083 | Ossuary  | Slain by a mummy

Vault maps used:
D:1:      dpeg_arrival_simpleton_b
D:2:      first_ration
D:3:      old_standard_altar
D:4:      grunt_temple_overflow_growth_and_decay, minmay_temple_entry_mist,
          enter_ossuary_5, nicolae_ashenzari_panopticon
Temple:   cyrus_circular_temple
Ossuary:  ossuary_tomb_3

Skill      XL: |  1  2  3  4  5 |
---------------+----------------+-----
Axes           | 2 |  2.8
Shields        | 3 |  3.6
Spellcasting   | 1 2 |  2.2
Fighting       | 3 |  3.6
Armour         | 3 |  3.3
Dodging        | |  0.9

Action                   |  1- 3 |  4- 6 || total
-------------------------+-------+-------++-------
Melee: War axe           |   121 |   160 ||   281
       Bite              |    30 |    40 ||    70
  Use: Scroll            |       |     7 ||     7
       Potion            |       |     4 ||     4
  Eat: Chunk             |     2 |     5 ||     7
Armor: Scale mail        |    65 |    84 ||   149
Dodge: Dodged            |    44 |    64 ||   108
Block: Shield            |    79 |    91 ||   170

Table legend:
 A = Non-vault XP
 B = Vault XP
 C = Vault XP percentage of total XP
 D = Non-vault monster count
 E = Vault monster count
 F = Vault count percentage of total count
                 A         B        C        D         E       F
            +---------+---------+-------+---------+---------+-------
      Total |     376 |      26 |   6.5 |      75 |       8 |   9.6
            +---------+---------+-------+---------+---------+-------
        D:1 |      31 |       0 |   0.0 |      15 |       0 |   0.0
        D:2 |      87 |       0 |   0.0 |      27 |       0 |   0.0
        D:3 |     193 |       0 |   0.0 |      27 |       0 |   0.0
        D:4 |      63 |       0 |   0.0 |       5 |       0 |   0.0
     Temple |       2 |       0 |   0.0 |       1 |       0 |   0.0
    Ossuary |       0 |      26 | 100.0 |       0 |       8 | 100.0
            +---------+---------+-------+---------+---------+-------
